Workbook
Name Slicer_Category: #N/A
Name Slicer_Month: #N/A
Name Slicer_Region: #N/A

Sheet Raw Data
A1: Month | B1: Region | C1: Category | D1: Product | E1: Salesperson | F1: UnitsSold | G1: Revenue | H1: Cost | I1: Profit | J1: Target
A2: Jan-2025 | B2: East | C2: Beauty | D2: Lipstick Set | E2: Mei Lin | F2: 84 | G2: 20301.96 | H2: 9906.46 | I2: 10395.5 | J2: 16689.79
A3: Jan-2025 | B3: South | C3: Apparel | D3: Wool Sweater | E3: Mei Lin | F3: 82 | G3: 14138.44 | H3: 7268.32 | I3: 6870.12 | J3: 11976.07
A4: Jan-2025 | B4: Central | C4: Beauty | D4: Sunscreen SPF50 | E4: Noah Patel | F4: 37 | G4: 14100.33 | H4: 6505.5 | I4: 7594.83 | J4: 16141.29
A5: Jan-2025 | B5: Central | C5: Beauty | D5: Face Serum | E5: Sofia Rossi | F5: 79 | G5: 3108.65 | H5: 1607.98 | I5: 1500.67 | J5: 3193.3
A6: Jan-2025 | B6: West | C6: Apparel | D6: Running Shoes | E6: Aisha Khan | F6: 71 | G6: 18210.79 | H6: 11160.78 | I6: 7050.01 | J6: 20321.54
A7: Jan-2025 | B7: Central | C7: Beauty | D7: Face Serum | E7: Jack Thompson | F7: 54 | G7: 22368.96 | H7: 10846 | I7: 11522.96 | J7: 26415.64
A8: Jan-2025 | B8: South | C8: Electronics | D8: Smart Watch | E8: Aisha Khan | F8: 22 | G8: 9297.86 | H8: 4744.03 | I8: 4553.83 | J8: 8800.09
A9: Jan-2025 | B9: West | C9: Sports | D9: Cycling Helmet | E9: Jack Thompson | F9: 74 | G9: 21068.54 | H9: 9948.63 | I9: 11119.91 | J9: 19409.19
A10: Jan-2025 | B10: North | C10: Beauty | D10: Sunscreen SPF50 | E10: Wei Zhang | F10: 98 | G10: 10915.24 | H10: 6063.54 | I10: 4851.7 | J10: 9084.87
A11: Jan-2025 | B11: North | C11: Electronics | D11: Smart Watch | E11: Emma Johansson | F11: 119 | G11: 23725.03 | H11: 12928.43 | I11: 10796.6 | J11: 22769.39
A12: Jan-2025 | B12: West | C12: Home & Kitchen | D12: Air Fryer | E12: Mei Lin | F12: 54 | G12: 20298.06 | H12: 10001.56 | I12: 10296.5 | J12: 22468.89
A13: Jan-2025 | B13: East | C13: Sports | D13: Cycling Helmet | E13: Noah Patel | F13: 53 | G13: 6199.94 | H13: 2807.5 | I13: 3392.44 | J13: 5878.68
... A135: Jun-2025 | B135: North | C135: Home & Kitchen | D135: Knife Set | E135: Diego Fernandez | F135: 8 | G135: 818.8 | H135: 440.46 | I135: 378.34 | J135: 920.13

Sheet Calculations
A1: KPI | B1: Value
A2: Total Revenue | B2: =SUBTOTAL(109,tblSales[Revenue]) -> 2078853.3
A3: Total Profit | B3: =SUBTOTAL(109,tblSales[Profit]) -> 905970.07
A4: Total Units | B4: =SUBTOTAL(109,tblSales[UnitsSold]) -> 8473
A5: Total Target | B5: =SUBTOTAL(109,tblSales[Target]) -> 2151083.8
A6: Profit Margin | B6: =IFERROR(B3/B2,0) -> 0.43580278
A7: Target Attainment | B7: =IFERROR(B2/B5,0) -> 0.96642134
A8: Transaction Count | B8: =SUBTOTAL(103,tblSales[Revenue]) -> 134
A11: Region | B11: Revenue | D11: Category | E11: Revenue | G11: Product | H11: Revenue | J11: Month | K11: Revenue | L11: Target | N11: Rank | O11: Salesperson | P11: Revenue | Q11: Profit | R11: Target | S11: Attainment
A12: West | B12: {=SUMPRODUCT(SUBTOTAL(109,OFFSET(tblSales[Revenue],ROW(tblSales[Revenue])-MIN(ROW(tblSales[Revenue])),0,1)),--(tblSales[Region]=A12))} -> 467789.87 | D12: Sports | E12: {=SUMPRODUCT(SUBTOTAL(109,OFFSET(tblSales[Revenue],ROW(tblSales[Revenue])-MIN(ROW(tblSales[Revenue])),0,1)),--(tblSales[Category]=D12))} -> 577980.96 | G12: Dumbbell Set | H12: {=SUMPRODUCT(SUBTOTAL(109,OFFSET(tblSales[Revenue],ROW(tblSales[Revenue])-MIN(ROW(tblSales[Revenue])),0,1)),--(tblSales[Product]=G12))} -> 215862.07 | J12: Jan-2025 | K12: {=SUMPRODUCT(SUBTOTAL(109,OFFSET(tblSales[Revenue],ROW(tblSales[Revenue])-MIN(ROW(tblSales[Revenue])),0,1)),--(tblSales[Month]=J12))} -> 312884.79 | L12: {=SUMPRODUCT(SUBTOTAL(109,OFFSET(tblSales[Target],ROW(tblSales[Target])-MIN(ROW(tblSales[Target])),0,1)),--(tblSales[Month]=J12))} -> 327677.7 | N12: 1 | O12: Mei Lin | P12: {=SUMPRODUCT(SUBTOTAL(109,OFFSET(tblSales[Revenue],ROW(tblSales[Revenue])-MIN(ROW(tblSales[Revenue])),0,1)),--(tblSales[Salesperson]=O12))} -> 321645.65 | Q12: {=SUMPRODUCT(SUBTOTAL(109,OFFSET(tblSales[Profit],ROW(tblSales[Profit])-MIN(ROW(tblSales[Profit])),0,1)),--(tblSales[Salesperson]=O12))} -> 141759.76 | R12: {=SUMPRODUCT(SUBTOTAL(109,OFFSET(tblSales[Target],ROW(tblSales[Target])-MIN(ROW(tblSales[Target])),0,1)),--(tblSales[Salesperson]=O12))} -> 326224.32 | S12: =IFERROR(P12/R12,0) -> 0.98596466
A13: North | B13: {=SUMPRODUCT(SUBTOTAL(109,OFFSET(tblSales[Revenue],ROW(tblSales[Revenue])-MIN(ROW(tblSales[Revenue])),0,1)),--(tblSales[Region]=A13))} -> 457310 | D13: Electronics | E13: {=SUMPRODUCT(SUBTOTAL(109,OFFSET(tblSales[Revenue],ROW(tblSales[Revenue])-MIN(ROW(tblSales[Revenue])),0,1)),--(tblSales[Category]=D13))} -> 439115.7 | G13: Tennis Racket | H13: {=SUMPRODUCT(SUBTOTAL(109,OFFSET(tblSales[Revenue],ROW(tblSales[Revenue])-MIN(ROW(tblSales[Revenue])),0,1)),--(tblSales[Product]=G13))} -> 207250.34 | J13: Feb-2025 | K13: {=SUMPRODUCT(SUBTOTAL(109,OFFSET(tblSales[Revenue],ROW(tblSales[Revenue])-MIN(ROW(tblSales[Revenue])),0,1)),--(tblSales[Month]=J13))} -> 331405.14 | L13: {=SUMPRODUCT(SUBTOTAL(109,OFFSET(tblSales[Target],ROW(tblSales[Target])-MIN(ROW(tblSales[Target])),0,1)),--(tblSales[Month]=J13))} -> 339480.49 | N13: 2 | O13: Emma Johansson | P13: {=SUMPRODUCT(SUBTOTAL(109,OFFSET(tblSales[Revenue],ROW(tblSales[Revenue])-MIN(ROW(tblSales[Revenue])),0,1)),--(tblSales[Salesperson]=O13))} -> 319812.59 | Q13: {=SUMPRODUCT(SUBTOTAL(109,OFFSET(tblSales[Profit],ROW(tblSales[Profit])-MIN(ROW(tblSales[Profit])),0,1)),--(tblSales[Salesperson]=O13))} -> 143086.03 | R13: {=SUMPRODUCT(SUBTOTAL(109,OFFSET(tblSales[Target],ROW(tblSales[Target])-MIN(ROW(tblSales[Target])),0,1)),--(tblSales[Salesperson]=O13))} -> 342707.04 | S13: =IFERROR(P13/R13,0) -> 0.93319527
A14: Central | B14: {=SUMPRODUCT(SUBTOTAL(109,OFFSET(tblSales[Revenue],ROW(tblSales[Revenue])-MIN(ROW(tblSales[Revenue])),0,1)),--(tblSales[Region]=A14))} -> 447078.44 | D14: Apparel | E14: {=SUMPRODUCT(SUBTOTAL(109,OFFSET(tblSales[Revenue],ROW(tblSales[Revenue])-MIN(ROW(tblSales[Revenue])),0,1)),--(tblSales[Category]=D14))} -> 432071.68 | G14: Blender | H14: {=SUMPRODUCT(SUBTOTAL(109,OFFSET(tblSales[Revenue],ROW(tblSales[Revenue])-MIN(ROW(tblSales[Revenue])),0,1)),--(tblSales[Product]=G14))} -> 200154.39 | J14: Mar-2025 | K14: {=SUMPRODUCT(SUBTOTAL(109,OFFSET(tblSales[Revenue],ROW(tblSales[Revenue])-MIN(ROW(tblSales[Revenue])),0,1)),--(tblSales[Month]=J14))} -> 560455.59 | L14: {=SUMPRODUCT(SUBTOTAL(109,OFFSET(tblSales[Target],ROW(tblSales[Target])-MIN(ROW(tblSales[Target])),0,1)),--(tblSales[Month]=J14))} -> 570748.09 | N14: 3 | O14: Aisha Khan | P14: {=SUMPRODUCT(SUBTOTAL(109,OFFSET(tblSales[Revenue],ROW(tblSales[Revenue])-MIN(ROW(tblSales[Revenue])),0,1)),--(tblSales[Salesperson]=O14))} -> 284572.64 | Q14: {=SUMPRODUCT(SUBTOTAL(109,OFFSET(tblSales[Profit],ROW(tblSales[Profit])-MIN(ROW(tblSales[Profit])),0,1)),--(tblSales[Salesperson]=O14))} -> 125561.41 | R14: {=SUMPRODUCT(SUBTOTAL(109,OFFSET(tblSales[Target],ROW(tblSales[Target])-MIN(ROW(tblSales[Target])),0,1)),--(tblSales[Salesperson]=O14))} -> 296503.69 | S14: =IFERROR(P14/R14,0) -> 0.95976087
A15: East | B15: {=SUMPRODUCT(SUBTOTAL(109,OFFSET(tblSales[Revenue],ROW(tblSales[Revenue])-MIN(ROW(tblSales[Revenue])),0,1)),--(tblSales[Region]=A15))} -> 362759.22 | D15: Home & Kitchen | E15: {=SUMPRODUCT(SUBTOTAL(109,OFFSET(tblSales[Revenue],ROW(tblSales[Revenue])-MIN(ROW(tblSales[Revenue])),0,1)),--(tblSales[Category]=D15))} -> 346259.78 | G15: Smart Watch | H15: {=SUMPRODUCT(SUBTOTAL(109,OFFSET(tblSales[Revenue],ROW(tblSales[Revenue])-MIN(ROW(tblSales[Revenue])),0,1)),--(tblSales[Product]=G15))} -> 171917.12 | J15: Apr-2025 | K15: {=SUMPRODUCT(SUBTOTAL(109,OFFSET(tblSales[Revenue],ROW(tblSales[Revenue])-MIN(ROW(tblSales[Revenue])),0,1)),--(tblSales[Month]=J15))} -> 374847.62 | L15: {=SUMPRODUCT(SUBTOTAL(109,OFFSET(tblSales[Target],ROW(tblSales[Target])-MIN(ROW(tblSales[Target])),0,1)),--(tblSales[Month]=J15))} -> 405648.98 | N15: 4 | O15: Priya Sharma | P15: {=SUMPRODUCT(SUBTOTAL(109,OFFSET(tblSales[Revenue],ROW(tblSales[Revenue])-MIN(ROW(tblSales[Revenue])),0,1)),--(tblSales[Salesperson]=O15))} -> 235197.35 | Q15: {=SUMPRODUCT(SUBTOTAL(109,OFFSET(tblSales[Profit],ROW(tblSales[Profit])-MIN(ROW(tblSales[Profit])),0,1)),--(tblSales[Salesperson]=O15))} -> 98242.81 | R15: {=SUMPRODUCT(SUBTOTAL(109,OFFSET(tblSales[Target],ROW(tblSales[Target])-MIN(ROW(tblSales[Target])),0,1)),--(tblSales[Salesperson]=O15))} -> 243532.19 | S15: =IFERROR(P15/R15,0) -> 0.9657752
A16: South | B16: {=SUMPRODUCT(SUBTOTAL(109,OFFSET(tblSales[Revenue],ROW(tblSales[Revenue])-MIN(ROW(tblSales[Revenue])),0,1)),--(tblSales[Region]=A16))} -> 343915.8 | D16: Beauty | E16: {=SUMPRODUCT(SUBTOTAL(109,OFFSET(tblSales[Revenue],ROW(tblSales[Revenue])-MIN(ROW(tblSales[Revenue])),0,1)),--(tblSales[Category]=D16))} -> 283425.21 | G16: Laptop Stand | H16: {=SUMPRODUCT(SUBTOTAL(109,OFFSET(tblSales[Revenue],ROW(tblSales[Revenue])-MIN(ROW(tblSales[Revenue])),0,1)),--(tblSales[Product]=G16))} -> 147126.38 | J16: May-2025 | K16: {=SUMPRODUCT(SUBTOTAL(109,OFFSET(tblSales[Revenue],ROW(tblSales[Revenue])-MIN(ROW(tblSales[Revenue])),0,1)),--(tblSales[Month]=J16))} -> 256395.29 | L16: {=SUMPRODUCT(SUBTOTAL(109,OFFSET(tblSales[Target],ROW(tblSales[Target])-MIN(ROW(tblSales[Target])),0,1)),--(tblSales[Month]=J16))} -> 267588.68 | N16: 5 | O16: Wei Zhang | P16: {=SUMPRODUCT(SUBTOTAL(109,OFFSET(tblSales[Revenue],ROW(tblSales[Revenue])-MIN(ROW(tblSales[Revenue])),0,1)),--(tblSales[Salesperson]=O16))} -> 222253.37 | Q16: {=SUMPRODUCT(SUBTOTAL(109,OFFSET(tblSales[Profit],ROW(tblSales[Profit])-MIN(ROW(tblSales[Profit])),0,1)),--(tblSales[Salesperson]=O16))} -> 91617.61 | R16: {=SUMPRODUCT(SUBTOTAL(109,OFFSET(tblSales[Target],ROW(tblSales[Target])-MIN(ROW(tblSales[Target])),0,1)),--(tblSales[Salesperson]=O16))} -> 249032.9 | S16: =IFERROR(P16/R16,0) -> 0.8924659
G17: Cotton T-Shirt | H17: {=SUMPRODUCT(SUBTOTAL(109,OFFSET(tblSales[Revenue],ROW(tblSales[Revenue])-MIN(ROW(tblSales[Revenue])),0,1)),--(tblSales[Product]=G17))} -> 139349.6 | J17: Jun-2025 | K17: {=SUMPRODUCT(SUBTOTAL(109,OFFSET(tblSales[Revenue],ROW(tblSales[Revenue])-MIN(ROW(tblSales[Revenue])),0,1)),--(tblSales[Month]=J17))} -> 242864.9 | L17: {=SUMPRODUCT(SUBTOTAL(109,OFFSET(tblSales[Target],ROW(tblSales[Target])-MIN(ROW(tblSales[Target])),0,1)),--(tblSales[Month]=J17))} -> 239939.9 | N17: 6 | O17: Jack Thompson | P17: {=SUMPRODUCT(SUBTOTAL(109,OFFSET(tblSales[Revenue],ROW(tblSales[Revenue])-MIN(ROW(tblSales[Revenue])),0,1)),--(tblSales[Salesperson]=O17))} -> 169478.06 | Q17: {=SUMPRODUCT(SUBTOTAL(109,OFFSET(tblSales[Profit],ROW(tblSales[Profit])-MIN(ROW(tblSales[Profit])),0,1)),--(tblSales[Salesperson]=O17))} -> 77504.71 | R17: {=SUMPRODUCT(SUBTOTAL(109,OFFSET(tblSales[Target],ROW(tblSales[Target])-MIN(ROW(tblSales[Target])),0,1)),--(tblSales[Salesperson]=O17))} -> 164565.64 | S17: =IFERROR(P17/R17,0) -> 1.0298508
G18: Running Shoes | H18: {=SUMPRODUCT(SUBTOTAL(109,OFFSET(tblSales[Revenue],ROW(tblSales[Revenue])-MIN(ROW(tblSales[Revenue])),0,1)),--(tblSales[Product]=G18))} -> 115954.05 | N18: 7 | O18: Noah Patel | P18: {=SUMPRODUCT(SUBTOTAL(109,OFFSET(tblSales[Revenue],ROW(tblSales[Revenue])-MIN(ROW(tblSales[Revenue])),0,1)),--(tblSales[Salesperson]=O18))} -> 164234.42 | Q18: {=SUMPRODUCT(SUBTOTAL(109,OFFSET(tblSales[Profit],ROW(tblSales[Profit])-MIN(ROW(tblSales[Profit])),0,1)),--(tblSales[Salesperson]=O18))} -> 69560.44 | R18: {=SUMPRODUCT(SUBTOTAL(109,OFFSET(tblSales[Target],ROW(tblSales[Target])-MIN(ROW(tblSales[Target])),0,1)),--(tblSales[Salesperson]=O18))} -> 176144.27 | S18: =IFERROR(P18/R18,0) -> 0.93238582
G19: Sunscreen SPF50 | H19: {=SUMPRODUCT(SUBTOTAL(109,OFFSET(tblSales[Revenue],ROW(tblSales[Revenue])-MIN(ROW(tblSales[Revenue])),0,1)),--(tblSales[Product]=G19))} -> 100908.99 | N19: 8 | O19: Diego Fernandez | P19: {=SUMPRODUCT(SUBTOTAL(109,OFFSET(tblSales[Revenue],ROW(tblSales[Revenue])-MIN(ROW(tblSales[Revenue])),0,1)),--(tblSales[Salesperson]=O19))} -> 141611.86 | Q19: {=SUMPRODUCT(SUBTOTAL(109,OFFSET(tblSales[Profit],ROW(tblSales[Profit])-MIN(ROW(tblSales[Profit])),0,1)),--(tblSales[Salesperson]=O19))} -> 58079.7 | R19: {=SUMPRODUCT(SUBTOTAL(109,OFFSET(tblSales[Target],ROW(tblSales[Target])-MIN(ROW(tblSales[Target])),0,1)),--(tblSales[Salesperson]=O19))} -> 130998.18 | S19: =IFERROR(P19/R19,0) -> 1.0810216
N20: 9 | O20: Liam Carter | P20: {=SUMPRODUCT(SUBTOTAL(109,OFFSET(tblSales[Revenue],ROW(tblSales[Revenue])-MIN(ROW(tblSales[Revenue])),0,1)),--(tblSales[Salesperson]=O20))} -> 123564.67 | Q20: {=SUMPRODUCT(SUBTOTAL(109,OFFSET(tblSales[Profit],ROW(tblSales[Profit])-MIN(ROW(tblSales[Profit])),0,1)),--(tblSales[Salesperson]=O20))} -> 58629.26 | R20: {=SUMPRODUCT(SUBTOTAL(109,OFFSET(tblSales[Target],ROW(tblSales[Target])-MIN(ROW(tblSales[Target])),0,1)),--(tblSales[Salesperson]=O20))} -> 126954.19 | S20: =IFERROR(P20/R20,0) -> 0.97330124
N21: 10 | O21: Sofia Rossi | P21: {=SUMPRODUCT(SUBTOTAL(109,OFFSET(tblSales[Revenue],ROW(tblSales[Revenue])-MIN(ROW(tblSales[Revenue])),0,1)),--(tblSales[Salesperson]=O21))} -> 96482.72 | Q21: {=SUMPRODUCT(SUBTOTAL(109,OFFSET(tblSales[Profit],ROW(tblSales[Profit])-MIN(ROW(tblSales[Profit])),0,1)),--(tblSales[Salesperson]=O21))} -> 41928.34 | R21: {=SUMPRODUCT(SUBTOTAL(109,OFFSET(tblSales[Target],ROW(tblSales[Target])-MIN(ROW(tblSales[Target])),0,1)),--(tblSales[Salesperson]=O21))} -> 94421.42 | S21: =IFERROR(P21/R21,0) -> 1.0218309

Sheet Pivot Data
A1: ="Region" -> Region | B1: ="Revenue" -> Revenue | D1: ="Category" -> Category | E1: ="Revenue" -> Revenue | G1: ="Product" -> Product | H1: ="Revenue" -> Revenue | J1: ="Month" -> Month | K1: ="Revenue" -> Revenue | L1: ="Target" -> Target | N1: ="Salesperson" -> Salesperson | O1: ="Revenue" -> Revenue
A2: =Calculations!A12 -> West | B2: =Calculations!B12 -> 467789.87 | D2: =Calculations!D12 -> Sports | E2: =Calculations!E12 -> 577980.96 | G2: =Calculations!G12 -> Dumbbell Set | H2: =Calculations!H12 -> 215862.07 | J2: =Calculations!J12 -> Jan-2025 | K2: =Calculations!K12 -> 312884.79 | L2: =Calculations!L12 -> 327677.7 | N2: =Calculations!O12 -> Mei Lin | O2: =Calculations!P12 -> 321645.65
A3: =Calculations!A13 -> North | B3: =Calculations!B13 -> 457310 | D3: =Calculations!D13 -> Electronics | E3: =Calculations!E13 -> 439115.7 | G3: =Calculations!G13 -> Tennis Racket | H3: =Calculations!H13 -> 207250.34 | J3: =Calculations!J13 -> Feb-2025 | K3: =Calculations!K13 -> 331405.14 | L3: =Calculations!L13 -> 339480.49 | N3: =Calculations!O13 -> Emma Johansson | O3: =Calculations!P13 -> 319812.59
A4: =Calculations!A14 -> Central | B4: =Calculations!B14 -> 447078.44 | D4: =Calculations!D14 -> Apparel | E4: =Calculations!E14 -> 432071.68 | G4: =Calculations!G14 -> Blender | H4: =Calculations!H14 -> 200154.39 | J4: =Calculations!J14 -> Mar-2025 | K4: =Calculations!K14 -> 560455.59 | L4: =Calculations!L14 -> 570748.09 | N4: =Calculations!O14 -> Aisha Khan | O4: =Calculations!P14 -> 284572.64
A5: =Calculations!A15 -> East | B5: =Calculations!B15 -> 362759.22 | D5: =Calculations!D15 -> Home & Kitchen | E5: =Calculations!E15 -> 346259.78 | G5: =Calculations!G15 -> Smart Watch | H5: =Calculations!H15 -> 171917.12 | J5: =Calculations!J15 -> Apr-2025 | K5: =Calculations!K15 -> 374847.62 | L5: =Calculations!L15 -> 405648.98 | N5: =Calculations!O15 -> Priya Sharma | O5: =Calculations!P15 -> 235197.35
A6: =Calculations!A16 -> South | B6: =Calculations!B16 -> 343915.8 | D6: =Calculations!D16 -> Beauty | E6: =Calculations!E16 -> 283425.21 | G6: =Calculations!G16 -> Laptop Stand | H6: =Calculations!H16 -> 147126.38 | J6: =Calculations!J16 -> May-2025 | K6: =Calculations!K16 -> 256395.29 | L6: =Calculations!L16 -> 267588.68 | N6: =Calculations!O16 -> Wei Zhang | O6: =Calculations!P16 -> 222253.37
G7: =Calculations!G17 -> Cotton T-Shirt | H7: =Calculations!H17 -> 139349.6 | J7: =Calculations!J17 -> Jun-2025 | K7: =Calculations!K17 -> 242864.9 | L7: =Calculations!L17 -> 239939.9 | N7: =Calculations!O17 -> Jack Thompson | O7: =Calculations!P17 -> 169478.06
G8: =Calculations!G18 -> Running Shoes | H8: =Calculations!H18 -> 115954.05 | N8: =Calculations!O18 -> Noah Patel | O8: =Calculations!P18 -> 164234.42
G9: =Calculations!G19 -> Sunscreen SPF50 | H9: =Calculations!H19 -> 100908.99 | N9: =Calculations!O19 -> Diego Fernandez | O9: =Calculations!P19 -> 141611.86
N10: =Calculations!O20 -> Liam Carter | O10: =Calculations!P20 -> 123564.67
N11: =Calculations!O21 -> Sofia Rossi | O11: =Calculations!P21 -> 96482.72

Sheet Dashboard
A2: SALES PERFORMANCE
A3: Executive Sales Analytics
A4: MONTH | I4: REGION | Q4: CATEGORY
A13: TOTAL REVENUE | F13: TOTAL PROFIT | K13: UNITS SOLD | P13: AVG MARGIN | U13: TARGET ATTAINMENT
A14: =Calculations!B2/100000 -> 20.788533 | F14: =Calculations!B3/100000 -> 9.0597007 | K14: =Calculations!B4 -> 8473 | P14: =Calculations!B6 -> 0.43580278 | U14: =Calculations!B7 -> 0.96642134
A17: =TEXT(Calculations!B2,"$#,##0.00")&" exact" -> $20,78,853.33 exact | F17: =TEXT(Calculations!B8,"#,##0")&" transactions" -> 134 transactions | K17: ="units sold" -> units sold | P17: ="profit / revenue" -> profit / revenue | U17: ="vs "&TEXT(Calculations!B5/100000,"$0.00")&"L target" -> vs $21.51L target
A20: REVENUE BY REGION | J20: CATEGORY PERFORMANCE | R20: TOP PRODUCTS | S20: TOP PRODUCTS
A21: SUM | J21: revenue share | R21: by revenue | S21: by revenue
A38: MONTHLY TREND | P38: TOP SALESPEOPLE
A39: revenue vs target | P39: by revenue
A56: Salesperson Ranking | U56: Search...
A58: RANK | D58: SALESPERSON | I58: REVENUE | M58: PROFIT | Q58: TARGET | U58: ATTAINMENT
A59: #1 | D59: Mei Lin | I59: =Calculations!P12 -> 321645.65 | M59: =Calculations!Q12 -> 141759.76 | Q59: =Calculations!R12 -> 326224.32 | U59: =Calculations!S12 -> 0.98596466
A60: #2 | D60: Emma Johansson | I60: =Calculations!P13 -> 319812.59 | M60: =Calculations!Q13 -> 143086.03 | Q60: =Calculations!R13 -> 342707.04 | U60: =Calculations!S13 -> 0.93319527
A61: #3 | D61: Aisha Khan | I61: =Calculations!P14 -> 284572.64 | M61: =Calculations!Q14 -> 125561.41 | Q61: =Calculations!R14 -> 296503.69 | U61: =Calculations!S14 -> 0.95976087
A62: #4 | D62: Priya Sharma | I62: =Calculations!P15 -> 235197.35 | M62: =Calculations!Q15 -> 98242.81 | Q62: =Calculations!R15 -> 243532.19 | U62: =Calculations!S15 -> 0.9657752
A63: #5 | D63: Wei Zhang | I63: =Calculations!P16 -> 222253.37 | M63: =Calculations!Q16 -> 91617.61 | Q63: =Calculations!R16 -> 249032.9 | U63: =Calculations!S16 -> 0.8924659
A64: #6 | D64: Jack Thompson | I64: =Calculations!P17 -> 169478.06 | M64: =Calculations!Q17 -> 77504.71 | Q64: =Calculations!R17 -> 164565.64 | U64: =Calculations!S17 -> 1.0298508
A65: #7 | D65: Noah Patel | I65: =Calculations!P18 -> 164234.42 | M65: =Calculations!Q18 -> 69560.44 | Q65: =Calculations!R18 -> 176144.27 | U65: =Calculations!S18 -> 0.93238582
A66: #8 | D66: Diego Fernandez | I66: =Calculations!P19 -> 141611.86 | M66: =Calculations!Q19 -> 58079.7 | Q66: =Calculations!R19 -> 130998.18 | U66: =Calculations!S19 -> 1.0810216
A67: #9 | D67: Liam Carter | I67: =Calculations!P20 -> 123564.67 | M67: =Calculations!Q20 -> 58629.26 | Q67: =Calculations!R20 -> 126954.19 | U67: =Calculations!S20 -> 0.97330124
A68: #10 | D68: Sofia Rossi | I68: =Calculations!P21 -> 96482.72 | M68: =Calculations!Q21 -> 41928.34 | Q68: =Calculations!R21 -> 94421.42 | U68: =Calculations!S21 -> 1.0218309
A70: 10 salespersons | Q70: ="Total Revenue: "&TEXT(Calculations!B2,"$#,##0.00") -> Total Revenue: $20,78,853.33
